 Dungeon Crawl Stone Soup version 0.20.1-1-g8b1a95d (webtiles) character file.

109 McKennaii the Conjurer (level 4, -5/33 HPs)
             Began as a Demigod Conjurer on Aug 26, 2017.
             Slain by an orc
             ... wielding a +4 flail of crushing
              (10 damage)
             ... on level 3 of the Dungeon.
             The game lasted 00:02:33 (1870 turns).

McKennaii the Conjurer (Demigod Conjurer)           Turns: 1870, Time: 00:02:33

Health: -5/33      AC:  4    Str: 11    XL:     4   Next: 34%
Magic:  0/10       EV: 13    Int: 21    God:
Gold:   100        SH:  0    Dex: 16    Spells: 3/8 levels left

rFire    . . .     SeeInvis .   (no weapon)
rCold    . . .     Gourm    +   (no shield)
rNeg     . . .     Faith    .   a - +0 robe
rPois    .         Spirit   .   r - +2 hat
rElec    .         Reflect  .   (no cloak)
rCorr    .         Harm     .   (no gloves)
MR       .....                  (no boots)
Stlth    ++........             n - amulet of the gourmand
Regen    0.2/turn               (no ring)
MPRegen  0.2/turn               (no ring)

@: no status effects
A: high mp 1
a: no special abilities


You were on level 3 of the Dungeon.
You were very hungry.

You visited 1 branch of the dungeon, and saw 3 of its levels.

You collected 100 gold pieces.

Inventory:

Armour
 a - a +0 robe (worn)
 r - a +2 hat (worn)
Jewellery
 n - an amulet of the gourmand (around neck)
Scrolls
 e - 6 scrolls of remove curse {unknown}
 j - a scroll of fog {unknown}
 l - 3 scrolls of identify {unknown}
 m - a scroll of immolation {unknown}
 o - a scroll of blinking {unknown}
 p - 2 scrolls of teleportation {unknown}
 q - 2 scrolls of magic mapping {unknown}
Potions
 d - a potion of heal wounds {unknown}
 g - 2 potions of curing {unknown}
 h - 2 potions of brilliance {unknown}
 i - a potion of mutation {unknown}
 k - 2 potions of flight {unknown}
 s - a potion of haste {unknown}
Books
 b - a book of Conjurations

   Spells                             Type                      Level
   a - Magic Dart                     Conjuration                  1
   b - Searing Ray                    Conjuration                  2
   c - Dazzling Spray                 Conjuration/Hexes            3
   d - Fulminant Prism                Conjuration/Hexes            4
   e - Force Lance                    Conjuration/Translocation    4
   f - Iskenderun's Mystic Blast      Conjuration                  4
Comestibles
 c - 3 bread rations
 f - 3 meat rations


   Skills:
 + Level 2.1 Dodging
 + Level 2.3 Stealth
 + Level 0.3 Unarmed Combat
 * Level 2.5 Spellcasting
 * Level 4.6 Conjurations


You had 3 spell levels left.
You knew the following spells:

 Your Spells              Type           Power        Failure   Level  Hunger
a - Magic Dart            Conj           ###.         1%          1    None
b - Iskenderun's Mystic   Conj           ###.....     21%         4    ####...


Dungeon Overview and Level Annotations

Branches:
Dungeon (3/15)


Innate Abilities, Weirdness & Mutations

You have an increased reservoir of magic. (+10% MP)


Message History

The orc is lightly wounded.
The frilled lizard barely misses you. The orc hits you but does no damage.
You hit the orc.
The orc is heavily wounded.
The frilled lizard closely misses you.
The orc hits you with a flail of crushing!
* * * LOW HITPOINT WARNING * * *
x2 You hit the orc.
The orc is severely wounded.
The frilled lizard misses you.
Casting: Magic Dart
Confirm with . or Enter, or press ? or * to list all spells.
Aiming: Magic Dart
Press: ? - help, Shift-Dir - straight line, f - orc
Aim: an orc, wielding a flail of crushing and wearing a leather armour (severely wounded)
The magic dart hits the orc.
The orc is almost dead.
The frilled lizard completely misses you.
The orc hits you with a flail of crushing!
You die...

.. ##. ...##
...######### #.
#..##...o@<#
....##..##.####l#
#)...(oo##.####.###
#.##.#.......
#{.....##.##
####†####.#
#......# ########


You could see an orc and a frilled lizard.

Vanquished Creatures
  A hound (D:2)
  An orc wizard (D:3)
  3 dart slugs
  2 leopard geckos (D:2)
  2 orcs
  A bat (D:2)
  A giant cockroach (D:2)
  2 goblins
  4 hobgoblins
  3 jackals (D:2)
  2 quokkas (D:2)
  5 frilled lizards
  8 kobolds
  7 rats
42 creatures vanquished.

Notes
Turn   | Place    | Note
-------+----------+-------------------------------------------
     0 | D:1      | McKennaii the Demigod Conjurer began the quest for the Orb.
     0 | D:1      | Reached XP level 1. HP: 14/14 MP: 5/5
   411 | D:1      | Reached XP level 2. HP: 20/20 MP: 2/7
   426 | D:1      | Reached skill level 4 in Conjurations
   852 | D:2      | Found a faded altar of an unknown god.
  1020 | D:2      | Reached XP level 3. HP: 23/26 MP: 5/8
  1588 | D:2      | Found a burning altar of Makhleb.
  1673 | D:2      | Reached XP level 4. HP: 12/33 MP: 0/9
  1693 | D:2      | Learned a level 4 spell: Iskenderun's Mystic Blast
  1870 | D:3      | Slain by an orc

Skill      XL: |  1  2  3 |
---------------+----------+-----
Conjurations   | 4 |  4.6
Stealth        | 2 |  2.3
Dodging        | 2 |  2.1
Spellcasting   | 2 |  2.5
Unarmed Combat | |  0.3

Action                   |  1- 3 |  4- 6 || total
-------------------------+-------+-------++-------
Melee: Unarmed           |    35 |     4 ||    39
 Cast: Magic Dart        |    89 |     3 ||    92
       Iskenderun's Myst |       |     2 ||     2
 Stab: Sleeping          |     1 |       ||     1
  Eat: Chunk             |     6 |       ||     6
Armor: Robe              |    10 |     2 ||    12
Dodge: Dodged            |    31 |     5 ||    36
